 Dungeon Crawl Stone Soup version 0.21.0-25-ge575cb9 (webtiles) character file.

70036 Rocko1345 the Protected (level 14, 0/279 HPs)
             Began as a Demonspawn Berserker on Jan 22, 2018.
             Was a High Priest of Trog.
             Succumbed to poison (poison gas)
             ... on level 6 of the Lair of Beasts.
             The game lasted 01:46:12 (27093 turns).

Rocko1345 the Protected (Demonspawn Berserker)     Turns: 27093, Time: 01:46:13

Health: 0/279      AC: 29    Str: 28    XL:     14   Next: 92%
Magic:  6/15       EV:  2    Int: 10    God:    Trog [*****.]
Gold:   963        SH:  7    Dex: 20    Spells: 13/13 levels left

rFire    + . .     SeeInvis +   Q - +6 eveningstar (flame)
rCold    + . .     Gourm    .   p - +0 buckler of Xeukheg {rElec SInv}
rNeg     + + +     Faith    .   (armour currently unavailable)
rPois    +         Spirit   +   (helmet currently unavailable)
rElec    +         Reflect  .   (cloak currently unavailable)
rCorr    +         Harm     .   (gloves currently unavailable)
MR       +++..     NoTele   +   (boots currently unavailable)
Stlth    ..........             B - amulet of guardian spirit
HPRegen  1.56/turn              s - +2 ring of protection
MPRegen  0.14/turn              l - +5 ring of dexterity

@: berserking, lethally poisoned (0 -> -14), tree-form, resistant, regenerating,
hasted, very quick
A: rugged brown scales 3, agile 1, demonic guardian 2, powered by pain 2, strong
1
a: Berserk, Trog's Hand, Brothers in Arms, Burn Spellbooks, Renounce Religion


You were on level 6 of the Lair of Beasts.
You worshipped Trog.
Trog was extremely pleased with you.
You were very full.
You were a tree.
You visited 2 branches of the dungeon, and saw 21 of its levels.

You collected 1820 gold pieces.
You spent 857 gold pieces at shops.

Inventory:

Hand Weapons
 c - a +3 war axe
 G - a +0 shortbow of velocity
 H - the +6 quarterstaff of the Eternal Warrior {crush, rN+ Str-2 SInv}
   (You found it on level 5 of the Lair of Beasts)

   It inflicts extra damage upon your enemies.
   It affects your strength (-2).
   It protects you from negative energy.
   It lets you see invisible.
 J - the +11 long sword of Horriuz {vamp, rN++ Int-4}
   (You found it on level 5 of the Lair of Beasts)

   It inflicts no extra harm, but heals its wielder when it wounds a living foe.
   It affects your intelligence (-4).
   It greatly protects you from negative energy.
 L - a +2 antimagic demon whip
 Q - a +6 eveningstar of flaming (weapon)
Missiles
 h - 19 tomahawks (quivered)
 C - 536 arrows
 I - 5 tomahawks of returning
Armour
 a - a scarf of repulsion (melded)
 p - the +0 buckler of Xeukheg (worn) {rElec SInv}
   (You acquired it on level 15 of the Dungeon)

   It insulates you from electricity.
   It lets you see invisible.
 x - a +2 pair of gloves (melded)
 A - a +4 plate armour (melded)
Jewellery
 l - a +5 ring of dexterity (right branch)
 s - a +2 ring of protection (left branch)
 B - an amulet of guardian spirit (around neck)
Wands
 e - a wand of disintegration (22)
 z - a wand of random effects (18)
 F - a wand of flame (3)
 P - a wand of enslavement (10)
 U - a wand of acid (18)
Scrolls
 f - 3 scrolls of fear
 g - 10 scrolls of identify
 i - 12 scrolls of remove curse
 k - 2 scrolls of fog
 q - 12 scrolls of teleportation
 D - 5 scrolls of blinking
 E - 3 scrolls of vulnerability
 M - 2 scrolls of silence
 S - 2 scrolls of brand weapon
Potions
 b - a potion of cancellation
 d - a potion of flight
 j - 4 potions of magic
 n - 4 potions of lignification
 r - 3 potions of invisibility
 t - 3 potions of brilliance
 u - 2 potions of agility
 v - a potion of haste
 O - a potion of might
Miscellaneous
 y - a crystal ball of energy
 T - a box of beasts
Comestibles
 o - 20 rations


   Skills:
 * Level 12.7 Fighting
 + Level 2.2 Long Blades
 + Level 6.7(10.5) Axes
 * Level 12.5(13.2) Maces & Flails
 + Level 2.0(8.4) Staves
 * Level 13.2 Armour
 + Level 3.3 Dodging
 + Level 1.7 Stealth
 + Level 8.7 Shields
 + Level 1.7 Evocations


You had 13 spell levels left.
You didn't know any spells.

Dungeon Overview and Level Annotations

Branches:
Dungeon (15/15)            Temple (0/1) D:7            Lair (6/6) D:10
 Shoals (0/4) Lair:3       Spider (0/4) Lair:2        Slime (0/5) Lair:6
    Orc (0/2) D:9          Vaults (0/5) D:14         Depths (0/5) D:15

Altars:
Elyvilon
Fedhas
Gozag
Hepliaklqana
Kikubaaqudgha
Okawaru
Qazlal
Sif Muna
Xom
Yredelemnul
The Shining One
Jiyva

Shops:
D:4 *   D:6 [   D:15 *}*


Innate Abilities, Weirdness & Mutations

((You have razor-sharp toenails.))
(You are completely covered in rugged brown scales. (AC +3, +7% HP))
A demonic guardian rushes to your aid.
You sometimes gain power by taking damage.
You are agile. (Dex +2)
Your muscles are strong. (Str +2)


Message History

You cannot move.
There is a lethal amount of poison in your body!
* * * LOW HITPOINT WARNING * * *
You feel very sick.
* * * LOW HITPOINT WARNING * * *
You feel very sick.
Your orange demon disappears in a puff of smoke!
* * * LOW HITPOINT WARNING * * *
You feel sick.
* * * LOW HITPOINT WARNING * * *
You feel very sick.
You lack the skill to use this item.
A red film seems to cover your vision as you go berserk!
You feel yourself moving faster!
You feel mighty!
You feel quite a bit less full.
* * * LOW HITPOINT WARNING * * *
You feel sick.
You cannot move.
You feel a strong urge to attack something.
You die...

......#P#.##♣♣..♣♣♣P♣≈..≈≈≈♣.♣
...<[.)†.## ♣.♣....≈..♣♣♣..P.♣
#.#.....#.# ♣♣♣...≈≈.♣♣
♣♣≈≈... .........##
♣♣♣.≈≈≈.P♣♣ ♣♣.≈≈♣♣
#.#.......#♣♣.♣.♣≈≈♣♣♣ . ♣♣≈≈≈
........###♣P††.♣≈♣♣♣♣ $) ♣≈≈≈
#.#....## ♣≈≈≈♣♣♣♣♣.♣$.. ≈..
......## ♣≈≈≈♣.♣$≈≈P.≈≈
#<#..## ♣.≈≈P♣§†≈.≈≈≈≈ .....#
♣.P≈..†≈≈.≈≈≈≈ ##.###
♣...≈.≈≈≈≈≈≈≈≈ ###
♣♣...≈≈≈≈≈≈≈.. ♣♣♣≈.≈≈.≈≈.♣♣
♣♣♣♣♣♣♣♣♣♣


There were no monsters in sight!

Vanquished Creatures
  Kirke (D:13)
  The ghost of lordlovebone the Warrior, a journeyman DsWn of Ashenzari (D:15)
  The ghost of richr the Cleaver, a journeyman DsGl of Qazlal (Lair:2)
  An ettin (D:15)
  An ice dragon (Lair:6)
  A fire dragon (D:13)
  3 hydras
  4 centaur warriors (D:15)
  2 catoblepae
  6 two-headed ogres
  2 tengu warriors (D:15)
  A death yak (D:11)
  The ghost of lordlovebone the Carver, a novice DgWn (D:8)
  4 unseen horrors
  A lindwurm (Lair:6)
  A necromancer (D:14)
  4 cyclopes
  4 ugly things
  An oklob plant (Lair:4)
  2 manticores
  2 black mambas
  3 elephants
  A gargoyle (D:14)
  12 spiny frogs
  5 torpor snails
  A rime drake (shapeshifter) (D:13)
  2 kobold demonologists (D:15)
  5 rime drakes
  2 freezing wraiths
  7 komodo dragons
  2 trolls
  A meliai (shapeshifter) (D:15)
  A jumping spider (Lair:2)
  A polar bear (Lair:6)
  9 blink frogs
  5 hornets
  6 slime creatures
  A harpy skeleton (D:14)
  5 hippogriffs
  A meliai zombie (D:13)
  Sigmund (D:4)
  A vampire (D:10)
  11 yaks
  3 wyverns
  2 hogs (D:13)
  Grum (D:10)
  2 steam dragons
  3 basilisks (Lair:6)
  Menkaure (D:7)
  A human (shapeshifter) (D:14)
  3 vampire mosquitoes (D:14)
  10 wargs (D:11)
  A soldier ant (D:13)
  2 acid dragons
  5 porcupines
  11 water moccasins
  3 sky beasts
  12 orc warriors
  4 swamp drakes (Lair:6)
  2 eyes of draining
  A phantom (D:11)
  11 ice beasts
  6 wolves
  5 ogres
  A boggart (D:4)
  10 centaurs
  19 crocodiles
  2 big kobolds
  20 bullfrogs
  4 scorpions
  16 killer bees
  8 wights (D:6)
  An electric eel (Lair:5)
  8 jellies
  7 crimson imps
  6 centaur zombies
  5 hounds
  Crazy Yiuf (D:3)
  2 centaur skeletons
  6 orc priests
  8 iguanas
  6 orc wizards
  11 worker ants
  3 bullfrog simulacra (D:11)
  A worker ant zombie (D:6)
  2 gnolls (D:9)
  12 adders
  5 shadow imps
  15 white imps (D:11)
  2 ufetubi (D:11)
  7 oozes
  2 adder skeletons
  2 worms
  9 leopard geckos
  81 orcs
  A ball python (D:1)
  5 bats
  A bat zombie (D:9)
  4 giant cockroaches
  11 goblins
  8 hobgoblins
  13 jackals
  16 kobolds
  4 quokkas
  4 frilled lizards
  A jackal zombie (D:7)
  2 quokka skeletons
  10 rats
  2 rat zombies (D:9)
  2 plants
582 creatures vanquished.

Vanquished Creatures (collateral kills)
  A fire dragon (Lair:6)
  An ogre mage (D:15)
  A hydra (Lair:5)
  4 two-headed ogres
  A deep troll (D:15)
  A swamp dragon (Lair:6)
  A deep elf archer (D:15)
  A necromancer (D:14)
  A lindwurm (Lair:6)
  A wolf spider zombie (D:14)
  3 ugly things (D:14)
  An orc sorcerer (D:11)
  2 elephants (Lair:6)
  A torpor snail (Lair:6)
  4 spiny frogs
  3 tyrant leeches (Lair:6)
  4 hornets (Lair:6)
  A slime creature (D:14)
  A hippogriff (Lair:6)
  3 blink frogs
  A vampire (D:14)
  2 wyverns
  14 yaks
  A basilisk (Lair:6)
  A vampire mosquito (D:14)
  2 hogs (D:13)
  3 wargs (D:11)
  A water moccasin (D:11)
  An ogre (D:15)
  4 centaurs (D:15)
  A bullfrog (D:10)
  A killer bee (D:7)
  A crimson imp (D:7)
  An orc wizard (D:10)
  A hound (D:13)
  An iguana (Lair:6)
  A gnoll (D:9)
  7 orcs
  A butterfly (Lair:5)
81 creatures vanquished.

Vanquished Creatures (others)
  3 humans (D:13)
  A basilisk (Lair:6)
  An orc (D:15)
  2 fungi
  6 plants
13 creatures vanquished.

Grand Total: 676 creatures vanquished

Notes
Turn   | Place    | Note
-------+----------+-------------------------------------------
     0 | D:1      | Rocko1345 the Demonspawn Berserker began the quest for the Orb.
     0 | D:1      | Reached XP level 1. HP: 18/18 MP: 1/1
   326 | D:1      | Gained mutation: You sometimes gain a little power by taking damage. [demonic ancestry]
   326 | D:1      | Reached XP level 2. HP: 16/24 MP: 2/2
   329 | D:1      | Reached skill level 2 in Armour
   598 | D:1      | Found a stormy altar of Qazlal.
   676 | D:1      | Gained mutation: You have sharp toenails. [demonic ancestry]
   676 | D:1      | Reached XP level 3. HP: 29/29 MP: 3/3
  1423 | D:2      | Reached ** piety under Trog
  1607 | D:2      | Found a hazy altar of Hepliaklqana.
  1607 | D:2      | Found an iron altar of Okawaru.
  1769 | D:3      | Gained mutation: You are partially covered in rugged brown scales. (AC +1, +3% HP) [demonic ancestry]
  1769 | D:3      | Reached XP level 4. HP: 13/36 MP: 4/4
  1797 | D:3      | Reached skill level 3 in Armour
  2077 | D:3      | Found a faded altar of an unknown god.
  2921 | D:3      | Gained mutation: You are mostly covered in rugged brown scales. (AC +2, +5% HP) [demonic ancestry]
  2921 | D:3      | Reached XP level 5. HP: 36/43 MP: 5/5
  3005 | D:3      | Found a runed door.
  3155 | D:3      | Noticed Crazy Yiuf
  3168 | D:3      | Killed Crazy Yiuf
  3409 | D:4      | Noticed an ogre
  3422 | D:4      | Killed an ogre
  3422 | D:4      | Reached skill level 1 in Long Blades
  3422 | D:4      | Reached skill level 4 in Armour
  3495 | D:4      | Gained mutation: You sometimes gain power by taking damage. [demonic ancestry]
  3495 | D:4      | Reached XP level 6. HP: 22/50 MP: 6/6
  3944 | D:4      | Reached skill level 1 in Staves
  3944 | D:4      | Reached skill level 5 in Armour
  3945 | D:4      | Reached *** piety under Trog
  3945 | D:4      | Gained mutation: You have razor-sharp toenails. [demonic ancestry]
  3945 | D:4      | Reached XP level 7. HP: 46/56 MP: 7/7
  4002 | D:4      | Found an opulent altar of Gozag.
  4048 | D:4      | Noticed Sigmund
  4058 | D:4      | Killed Sigmund
  4077 | D:4      | Found Ziothrur's General Store.
  4094 | D:4      | Bought a ration for 50 gold pieces
  4094 | D:4      | Bought 12 arrows for 24 gold pieces
  4094 | D:4      | Bought a potion of heal wounds for 50 gold pieces
  4451 | D:5      | Entered Level 5 of the Dungeon
  4873 | D:5      | Reached XP level 8. HP: 24/64 MP: 8/8
  4893 | D:5      | Reached skill level 5 in Maces & Flails
  5214 | D:5      | Reached skill level 5 in Fighting
  5296 | D:5      | Reached skill level 1 in Shields
  5647 | D:5      | Reached skill level 6 in Armour
  5752 | D:6      | Found a shimmering altar of Xom.
  5797 | D:6      | Reached **** piety under Trog
  6233 | D:6      | Found Hibydoq's Antique Armour Shop.
  6358 | D:6      | Gained mutation: A weak demonic guardian rushes to your aid. [demonic ancestry]
  6358 | D:6      | Reached XP level 9. HP: 44/72 MP: 9/9
  6879 | D:7      | Found a staircase to the Ecumenical Temple.
  6952 | D:7      | Reached skill level 1 in Axes
  7039 | D:7      | Noticed Menkaure
  7048 | D:7      | Killed Menkaure
  7048 | D:7      | Reached skill level 7 in Armour
  8073 | D:8      | Noticed a two-headed ogre
  8088 | D:8      | Killed a two-headed ogre
  8401 | D:8      | Noticed lordlovebone's ghost (novice DgWn)
  8441 | D:8      | Killed lordlovebone's ghost
  8441 | D:8      | Reached XP level 10. HP: 77/82 MP: 10/10
  8460 | D:8      | Found a basalt altar of Yredelemnul.
  8572 | D:8      | Reached ***** piety under Trog
  8896 | D:8      | Found a glowing golden altar of the Shining One.
  9224 | D:9      | Reached skill level 8 in Armour
  9463 | D:9      | Found a staircase to the Orcish Mines.
  9965 | D:9      | Gained mutation: You have an increased reservoir of magic. (+10% MP) [potion of mutation]
  9965 | D:9      | Gained mutation: You have sharp fingernails. [potion of mutation]
  9965 | D:9      | Gained mutation: You tend to lose your temper in combat. [potion of mutation]
  9965 | D:9      | Gained mutation: You have a pair of small horns on your head. [potion of mutation]
 10306 | D:9      | Found an ancient bone altar of Kikubaaqudgha.
 10576 | D:10     | Entered Level 10 of the Dungeon
 11219 | D:10     | Noticed Grum
 11219 | D:10     | Found a staircase to the Lair.
 11225 | D:10     | Reached skill level 5 in Axes
 11231 | D:10     | Killed Grum
 11652 | D:11     | Noticed an elephant
 11661 | D:11     | Noticed a death yak
 11666 | D:11     | Killed an elephant
 11666 | D:11     | Reached skill level 9 in Armour
 11676 | D:11     | Killed a death yak
 11683 | D:11     | Gained mutation: A demonic guardian rushes to your aid. [demonic ancestry]
 11683 | D:11     | Reached XP level 11. HP: 90/90 MP: 12/12
 12010 | D:11     | Received a gift from Trog
 12208 | D:11     | Reached skill level 5 in Shields
 12292 | D:11     | Found a frozen archway.
 13034 | D:11     | Noticed an orc sorcerer
 13038 | D:11     | Killed an orc sorcerer
 13178 | D:11     | Received a gift from Trog
 13212 | D:11     | Noticed a stone giant
 13512 | D:12     | Noticed a two-headed ogre
 13516 | D:12     | Killed a two-headed ogre
 14007 | D:12     | Killed an unseen horror
 14569 | D:13     | Reached skill level 10 in Armour
 14596 | D:13     | Noticed a fire crab
 14612 | D:13     | a fire crab changed into a spiny frog
 14653 | D:13     | HP: 6/136 [poisoned by a spiny frog]
 14659 | D:13     | HP: 5/136 [poisoned by a spiny frog]
 14664 | D:13     | HP: 3/136 [poisoned by a spiny frog]
 14670 | D:13     | HP: 2/136 [poisoned by a spiny frog]
 14676 | D:13     | HP: 1/136 [poisoned by a spiny frog]
 14684 | D:13     | HP: 1/91 [poisoned by a spiny frog]
 14692 | D:13     | HP: 1/91 [poisoned by a spiny frog]
 15134 | D:13     | Noticed Kirke
 15154 | D:13     | Killed Kirke
 15154 | D:13     | Reached XP level 12. HP: 99/99 MP: 4/13
 15500 | D:13     | Lost mutation: You have a pair of small horns on your head. [potion of mutation]
 15500 | D:13     | Lost mutation: You have an increased reservoir of magic. (+10% MP) [potion of mutation]
 15500 | D:13     | Lost mutation: You tend to lose your temper in combat. [potion of mutation]
 15500 | D:13     | Lost mutation: You have sharp fingernails. [potion of mutation]
 15500 | D:13     | Gained mutation: You are agile. (Dex +2) [potion of mutation]
 15500 | D:13     | Gained mutation: Your muscles are strong. (Str +2) [potion of mutation]
 15790 | D:13     | Noticed a fire dragon
 15802 | D:13     | Killed a fire dragon
 16039 | D:13     | Noticed a catoblepas
 16063 | D:13     | Killed a catoblepas
 16140 | D:13     | Found a deep blue altar of Sif Muna.
 16493 | D:14     | Reached skill level 11 in Armour
 16614 | D:14     | Noticed a two-headed ogre
 16621 | D:14     | Killed a two-headed ogre
 16723 | D:14     | Reached skill level 10 in Fighting
 16960 | D:14     | Noticed a two-headed ogre
 16968 | D:14     | Killed a two-headed ogre
 16997 | D:14     | Noticed a two-headed ogre
 17004 | D:14     | Killed a two-headed ogre
 17009 | D:14     | Found a gate to the Vaults.
 17530 | D:14     | Received a gift from Trog
 17541 | D:14     | Gained mutation: You are completely covered in rugged brown scales. (AC +3, +7% HP) [demonic ancestry]
 17541 | D:14     | Reached XP level 13. HP: 55/111 MP: 4/13
 18369 | D:15     | Entered Level 15 of the Dungeon
 18466 | D:15     | Noticed an ettin
 18475 | D:15     | Killed an ettin
 18475 | D:15     | Reached skill level 1 in Evocations
 18637 | D:15     | Reached skill level 10 in Maces & Flails
 18697 | D:15     | Reached skill level 1 in Stealth
 18714 | D:15     | Reached skill level 12 in Armour
 18738 | D:15     | Found a white marble altar of Elyvilon.
 18853 | D:15     | Found Dijuatos's General Store.
 18885 | D:15     | Bought 2 scrolls of enchant weapon for 240 gold pieces
 18885 | D:15     | Bought a ration for 80 gold pieces
 18885 | D:15     | Bought a ration for 80 gold pieces
 18885 | D:15     | Bought a potion of curing for 48 gold pieces
 18885 | D:15     | Identified 2 scrolls of acquirement
 18894 | D:15     | Got a bloodstained buckler
 18905 | D:15     | Identified the +0 buckler of Xeukheg {rElec SInv} (You acquired it on level 15 of the Dungeon)
 18915 | D:15     | Found a staircase to the Depths.
 19192 | D:15     | Found Touq's Gadget Boutique.
 19196 | D:15     | Found Koja's Assorted Antiques.
 19200 | D:15     | Noticed lordlovebone's ghost (journeyman DsWn)
 19243 | D:15     | Killed lordlovebone's ghost
 19269 | D:15     | Bought a scroll of enchant weapon for 285 gold pieces
 19879 | D:15     | Paralysed by a hornet for 3 turns
 20266 | Lair:1   | Entered Level 1 of the Lair of Beasts
 20441 | Lair:1   | Received a gift from Trog
 20685 | Lair:1   | Reached XP level 14. HP: 97/121 MP: 15/15
 21500 | Lair:2   | Noticed richr's ghost (journeyman DsGl)
 21507 | Lair:2   | Killed richr's ghost
 21777 | Lair:2   | Found a hole to the Spider Nest.
 22540 | Lair:3   | Found a staircase to the Shoals.
 23271 | Lair:3   | Found a runed door.
 24071 | Lair:3   | Upgraded the game from 0.21.0-24-g2553a33 to 0.21.0-25-ge575cb9
 25021 | Lair:5   | Got an encrusted quarterstaff
 25023 | Lair:5   | Identified the +6 quarterstaff of the Eternal Warrior {crush, rN+ Str-2 SInv} (You found it on level 5 of the Lair of Beasts)
 25160 | Lair:5   | Got a fine long sword
 25161 | Lair:5   | Identified the +11 long sword of Horriuz {vamp, rN++ Int-4} (You found it on level 5 of the Lair of Beasts)
 25430 | Lair:6   | Entered Level 6 of the Lair of Beasts
 25430 | Lair:6   | Found a blossoming altar of Fedhas.
 25549 | Lair:6   | Reached skill level 13 in Armour
 25583 | Lair:6   | Received a gift from Trog
 25621 | Lair:6   | Found a viscous altar of Jiyva.
 25621 | Lair:6   | Found a staircase to the Slime Pits.
 26258 | Lair:6   | Found a runed door.
 26384 | Lair:6   | Paralysed by a hornet for 1 turns
 27087 | Lair:6   | HP: 9/186 [poison (poison gas)]
 27090 | Lair:6   | HP: 4/186 [poison (poison gas)]
 27093 | Lair:6   | Succumbed to poison (poison gas)

Skill      XL: |  1  2  3  4  5  6  7  8  9 10 11 12 13 14 |
---------------+-------------------------------------------+-----
Armour         | 2 3 4 5 6 7 9 10 11 12 13 | 13.2
Maces & Flails | 3 4 6 8 9 10 12 | 12.5
Dodging        | 2 3 |  3.3
Long Blades    | 1 2 |  2.2
Fighting       | 4 6 7 8 9 10 11 12 | 12.7
Staves         | 1 2 |  2.0
Shields        | 1 3 4 6 7 8 |  8.7
Axes           | 3 5 6 |  6.7
Evocations     | 1 |  1.7
Stealth        | 1 |  1.7

Action                   |  1- 3 |  4- 6 |  7- 9 | 10-12 | 13-15 || total
-------------------------+-------+-------+-------+-------+-------++-------
Melee: Mace              |   140 |    14 |       |       |       ||   154
       Kick              |    19 |    41 |    89 |   310 |   324 ||   783
       Long sword        |       |    75 |       |       |    69 ||   144
       Quarterstaff      |       |    25 |     6 |       |       ||    31
       Flail             |       |       |   270 |       |       ||   270
       War axe           |       |       |   105 |   275 |       ||   380
       Battleaxe         |       |       |       |    43 |       ||    43
       Headbutt          |       |       |       |   117 |       ||   117
       Demon whip        |       |       |       |   617 |   173 ||   790
       Eveningstar       |       |       |       |       |   531 ||   531
Invok: Burn Spellbooks   |       |       |     1 |     1 |     2 ||     4
       Trog's Hand       |       |       |       |     1 |     2 ||     3
       Brothers in Arms  |       |       |       |     1 |     1 ||     2
       Berserk           |       |       |       |       |     1 ||     1
 Abil: Evoke Berserk Rag |       |       |       |     4 |     1 ||     5
Evoke: Wand              |       |       |     1 |       |     7 ||     8
  Use: Potion            |     1 |     1 |    12 |    14 |     6 ||    34
       Scroll            |       |       |    13 |     8 |    12 ||    33
 Stab: Distracted        |       |       |       |     1 |     3 ||     4
       Confused          |       |       |       |       |     2 ||     2
  Eat: Ration            |     1 |     2 |     4 |    10 |    11 ||    28
       Chunk             |       |     1 |     2 |     1 |     4 ||     8
Armor: Scale mail        |   119 |     7 |       |       |       ||   126
       Animal skin       |     3 |       |       |       |       ||     3
       Chain mail        |       |    57 |    63 |       |       ||   120
       Plate armour      |       |       |   200 |   809 |   536 ||  1545
       Skin              |       |       |     1 |       |       ||     1
Dodge: Dodged            |   176 |    51 |   108 |   246 |   316 ||   897
       Deflected         |       |       |     4 |    13 |    29 ||    46
Block: Buckler           |       |       |    38 |       |   218 ||   256
       Shield            |       |       |   115 |   669 |   113 ||   897
       Rpst.: Long sword |       |     9 |       |       |    14 ||    23
